Warning! The script has encountered some errors when parsing the replay. Please report them to the . » details
          0x00, prev: 0x16: 16 02 01 00 DA 5F 00 00 E3 B0 04 00 [00] 00 00 00 00 00 00 00 00 00 00 00 00 00 00 00 00 00 00 00 00 00 00 00 04 00 04 0E 00 1A 19 6F 6F 6D 45 46 6F 00 00 AB 07 01 00 
0x00, prev: 0x00: 16 02 01 00 DA 5F 00 00 E3 B0 04 00 00 00 00 00 00 00 00 00 00 00 00 00 00 00 00 00 00 00 00 00 00 00 [00] 00 04 00 04 0E 00 1A 19 6F 6F 6D 45 46 6F 00 00 AB 07 01 00 
0x00, prev: 0x04: 16 02 01 00 DA 5F 00 00 E3 B0 04 00 00 00 00 00 00 00 00 00 00 00 00 00 00 00 00 00 00 00 00 00 00 00 00 00 04 [00] 04 0E 00 1A 19 6F 6F 6D 45 46 6F 00 00 AB 07 01 00 
        General information
			
			
        
        - name: BNet
 
        - type: Ladder team game (AT/RT)
 
        - host: Battle.net
 
        - saver: BruceWillisUSA
 
        
map: Monsoon 
        - players: 6
 
        - length: 23:37
 
        - speed: Fast
 - version: 1.22 W3XP
 - replay type:  Public
 
» download(171 KB)
Players
        team 1 (loser) 
              
              
Ass_killer (
teal | 87 APM | 2044 actions | 23:23)
              
 6 Priestess of the Moon 
 3 Trueshot Aura
 1 Scout
 1 Starfall
 1 Searing Arrows
 
                » actions 
                
                | Assign group hotkey | 62 |  | 
| Basic commands | 14 |  | 
| Build / train | 89 |  | 
| Enter build submenu | 18 |  | 
| Enter hero's abilities submenu | 7 |  | 
| Give item / drop item | 2 |  | 
| Right click | 950 |  | 
| Select / deselect | 334 |  | 
| Select group hotkey | 529 |  | 
| Use ability | 39 |  | 
                2044 total
 » units 
                
                | Wisp | 24 |  | 
| Huntress | 7 |  | 
| Archer | 10 |  | 
| Dryad | 15 |  | 
| Hippogryph | 6 |  | 
                62 total
 » upgrades
                
                | Strength of the Wild | 1 |  | 
| Reinforced Hides | 1 |  | 
                2 total
 » buildings
                
                | Altar of Elders | 1 |  | 
| Moon Well | 5 |  | 
| Hunter's Hall | 1 |  | 
| Ancient of War | 2 |  | 
| Tree of Life | 2 |  | 
| Tree of Ages | 1 |  | 
| Ancient of Lore | 2 |  | 
| Ancient of Wonders | 1 |  | 
| Ancient of Wind | 2 |  | 
                17 total
 » build order
                00:21 Altar of Elders
00:40 Moon Well
01:07 Hunter's Hall
01:35 Ancient of War
02:02 Moon Well
02:40 Ancient of War
03:24 Moon Well
04:52 Moon Well
06:56 Tree of Life
07:37 Tree of Ages
11:08 Ancient of Lore
11:11 Ancient of Lore
11:38 Moon Well
11:44 Tree of Life
12:06 Ancient of Wonders
17:21 Ancient of Wind
17:25 Ancient of Wind
» items
                
                | Scroll of Town Portal | 7 |  | 
| Potion of Lesser Invulnerability | 3 |  | 
| Orb of Lightning | 1 |  | 
| Potion of Healing | 6 |  | 
                17 total
  
               
              
              
PenguinsAreFake (
purple | 51 APM | 1185 actions | 23:13)
              
 4 Demon Hunter 
 2 Mana Burn
 2 Evasion
 
                » actions 
                
                | Assign group hotkey | 51 |  | 
| Basic commands | 9 |  | 
| Build / train | 63 |  | 
| Enter build submenu | 17 |  | 
| Enter hero's abilities submenu | 4 |  | 
| Right click | 564 |  | 
| Select / deselect | 289 |  | 
| Select group hotkey | 127 |  | 
| Use ability | 61 |  | 
                1185 total
 » units 
                
                | Wisp | 14 |  | 
| Huntress | 4 |  | 
| Dryad | 13 |  | 
| Druid of the Claw | 3 |  | 
| Hippogryph | 13 |  | 
                47 total
 » upgrades
                
                | Druid of the Claw Training | 2 |  | 
| Abolish Magic | 1 |  | 
| Strength of the Wild | 3 |  | 
| Mark of the Claw | 1 |  | 
                7 total
 » buildings
                
                | Altar of Elders | 1 |  | 
| Moon Well | 9 |  | 
| Hunter's Hall | 1 |  | 
| Ancient of War | 1 |  | 
| Tree of Ages | 1 |  | 
| Ancient of Lore | 3 |  | 
| Tree of Eternity | 1 |  | 
| Ancient of Wind | 1 |  | 
| Chimaera Roost | 1 |  | 
                19 total
 » build order
                00:06 Altar of Elders
00:09 Moon Well
01:12 Hunter's Hall
01:44 Ancient of War
01:52 Moon Well
02:51 Tree of Ages
04:13 Moon Well
05:25 Ancient of Lore
05:29 Ancient of Lore
05:35 Moon Well
06:39 Moon Well
06:44 Tree of Eternity
10:52 Moon Well
10:55 Moon Well
10:57 Moon Well
11:46 Moon Well
12:31 Ancient of Lore
14:16 Ancient of Wind
22:51 Chimaera Roost
» items
                
                | Boots of Speed | 1 |  | 
| Scroll of Town Portal | 1 |  | 
                2 total
  
               
              
              
leonar666 (
green | 43 APM | 1011 actions | 23:36)
              
 5 Tauren Chieftain 
 2 War Stomp
 3 Endurance Aura
 2 Far Seer 
 1 Far Sight
 1 Chain Lighting
 
                » actions 
                
                | Build / train | 76 |  | 
| Enter build submenu | 25 |  | 
| Enter hero's abilities submenu | 7 |  | 
| Give item / drop item | 2 |  | 
| Right click | 512 |  | 
| Select / deselect | 299 |  | 
| Use ability | 90 |  | 
                1011 total
 » units 
                
                | Peon | 28 |  | 
| Grunt | 5 |  | 
| Tauren | 4 |  | 
| Shaman | 3 |  | 
| Troll Batrider | 8 |  | 
                48 total
 » upgrades
                
                | Armor | 2 |  | 
| Melee Weapons | 2 |  | 
| Berserker Strength | 1 |  | 
| Shaman Training | 2 |  | 
| Pulverize | 1 |  | 
| Reinforced Defenses | 1 |  | 
                9 total
 » buildings
                
                | Barracks | 1 |  | 
| Altar of Storms | 1 |  | 
| Orc Burrow | 11 |  | 
| Voodoo Lounge | 1 |  | 
| War Mill | 1 |  | 
| Stronghold | 1 |  | 
| Great Hall | 2 |  | 
| Fortress | 2 |  | 
| Spirit Lodge | 1 |  | 
| Watch Tower | 2 |  | 
| Tauren Totem | 2 |  | 
| Beastiary | 2 |  | 
                27 total
 » build order
                00:47 Barracks
00:51 Altar of Storms
00:56 Orc Burrow
01:18 Orc Burrow
02:08 Voodoo Lounge
02:43 War Mill
04:16 Stronghold
05:02 Orc Burrow
05:54 Great Hall
07:36 Fortress
07:36 Fortress
07:41 Spirit Lodge
09:23 Watch Tower
09:27 Watch Tower
10:05 Tauren Totem
10:09 Tauren Totem
10:54 Orc Burrow
10:59 Orc Burrow
13:00 Orc Burrow
13:25 Orc Burrow
15:37 Beastiary
17:14 Beastiary
18:20 Orc Burrow
18:23 Orc Burrow
22:32 Great Hall
23:05 Orc Burrow
23:07 Orc Burrow
» items
                
                | Healing Salve | 3 |  | 
| Scroll of Town Portal | 3 |  | 
| Orb of Lightning | 1 |  | 
                7 total
  
               team 2 (winner) 
              
              
hiyashi (
red | 173 APM | 4077 actions | 23:36)
              
 6 Pandaren Brewmaster 
 3 Breath of Fire
 2 Drunken Haze
 1 Storm Earth and Fire
 1 Archmage 
 1 Brilliance Aura
 
                » actions 
                
                | Assign group hotkey | 130 |  | 
| Basic commands | 244 |  | 
| Build / train | 95 |  | 
| ESC pressed | 5 |  | 
| Enter build submenu | 31 |  | 
| Enter hero's abilities submenu | 7 |  | 
| Remove unit from queue | 2 |  | 
| Right click | 845 |  | 
| Select / deselect | 822 |  | 
| Select group hotkey | 1803 |  | 
| Use ability | 93 |  | 
                4077 total
 » units 
                
                | Peasant | 20 |  | 
| Rifleman | 21 |  | 
| Spell Breaker | 7 |  | 
| Mortar Team | 2 |  | 
                50 total
 » upgrades
                
                | Gunpowder | 2 |  | 
| Long Rifles | 1 |  | 
| Lumber Harvesting | 1 |  | 
| Plating | 1 |  | 
                5 total
 » buildings
                
                | Farm | 11 |  | 
| Altar of Kings | 1 |  | 
| Blacksmith | 1 |  | 
| Barracks | 1 |  | 
| Scout Tower | 4 |  | 
| Arcane Tower | 1 |  | 
| Keep | 1 |  | 
| Town Hall | 3 |  | 
| Arcane Vault | 2 |  | 
| Lumber Mill | 1 |  | 
| Arcane Sanctum | 3 |  | 
| Workshop | 1 |  | 
| Guard Tower | 2 |  | 
| Castle | 2 |  | 
                34 total
 » build order
                00:09 Farm
00:29 Altar of Kings
01:04 Blacksmith
01:14 Barracks
01:38 Farm
02:25 Scout Tower
02:38 Farm
02:55 Arcane Tower
03:35 Farm
04:24 Farm
05:14 Farm
05:51 Keep
06:02 Town Hall
06:16 Scout Tower
06:24 Arcane Vault
07:55 Lumber Mill
08:46 Town Hall
09:15 Farm
10:11 Farm
10:14 Scout Tower
10:17 Scout Tower
10:55 Arcane Vault
11:35 Arcane Sanctum
11:37 Arcane Sanctum
11:37 Arcane Sanctum
12:54 Farm
13:31 Farm
14:50 Farm
15:35 Town Hall
19:33 Workshop
20:40 Guard Tower
20:40 Guard Tower
22:21 Castle
22:21 Castle
» items
                
                | Healing Salve | 1 |  | 
| Lesser Clarity Potion | 5 |  | 
| Scroll of Town Portal | 4 |  | 
| Potion of Lesser Invulnerability | 2 |  | 
| Scroll of Regeneration | 5 |  | 
| Potion of Healing | 1 |  | 
                18 total
  
               
              
              
Ca.do (
orange | 55 APM | 1293 actions | 23:36)
              
 6 Far Seer 
 3 Feral Spirit
 2 Chain Lighting
 1 Earth Quake
 5 Shadow Hunter 
 3 Healing Wave
 2 Hex
 
                » actions 
                
                | Assign group hotkey | 24 |  | 
| Basic commands | 116 |  | 
| Build / train | 99 |  | 
| ESC pressed | 20 |  | 
| Enter build submenu | 21 |  | 
| Enter hero's abilities submenu | 11 |  | 
| Remove unit from queue | 1 |  | 
| Right click | 297 |  | 
| Select / deselect | 263 |  | 
| Select group hotkey | 344 |  | 
| Use ability | 97 |  | 
                1293 total
 » units 
                
                | Peon | 35 |  | 
| Wind Rider | 9 |  | 
| Shaman | 12 |  | 
| Raider | 7 |  | 
                63 total
 » upgrades
                
                | Ranged Weapons | 2 |  | 
| Shaman Training | 2 |  | 
| Armor | 3 |  | 
| Envenomed Spears | 2 |  | 
| Ensnare | 2 |  | 
| Pillage | 1 |  | 
| Melee Weapons | 1 |  | 
| Reinforced Defenses | 1 |  | 
                14 total
 » buildings
                
                | Altar of Storms | 1 |  | 
| Orc Burrow | 7 |  | 
| War Mill | 1 |  | 
| Stronghold | 1 |  | 
| Watch Tower | 6 |  | 
| Voodoo Lounge | 1 |  | 
| Beastiary | 2 |  | 
| Spirit Lodge | 1 |  | 
| Great Hall | 1 |  | 
| Fortress | 1 |  | 
                22 total
 » build order
                00:04 Altar of Storms
00:07 Orc Burrow
01:02 War Mill
01:51 Orc Burrow
02:26 Stronghold
02:49 Watch Tower
03:43 Watch Tower
03:45 Watch Tower
03:49 Watch Tower
04:09 Orc Burrow
04:26 Voodoo Lounge
05:12 Beastiary
05:13 Beastiary
05:55 Orc Burrow
07:42 Spirit Lodge
08:07 Great Hall
09:24 Orc Burrow
10:42 Fortress
10:46 Orc Burrow
15:36 Watch Tower
15:38 Watch Tower
15:59 Orc Burrow
» items
                
                | Scroll of Speed | 1 |  | 
| Potion of Healing | 1 |  | 
| Scroll of Town Portal | 4 |  | 
                6 total
  
               
              
              
BruceWillisUSA (
pink | 79 APM | 1878 actions | 23:37)
              
 7 Mountain King 
 3 Storm Bolt
 3 Bash
 1 Avatar
 
                » actions 
                
                | Assign group hotkey | 75 |  | 
| Basic commands | 24 |  | 
| Build / train | 95 |  | 
| ESC pressed | 5 |  | 
| Enter build submenu | 45 |  | 
| Enter hero's abilities submenu | 7 |  | 
| Give item / drop item | 7 |  | 
| Right click | 891 |  | 
| Select / deselect | 212 |  | 
| Select group hotkey | 358 |  | 
| Use ability | 159 |  | 
                1878 total
 » units 
                
                | Peasant | 22 |  | 
| Gryphon Rider | 5 |  | 
| Mortar Team | 6 |  | 
                33 total
 » upgrades
                
                | Masonry | 1 |  | 
| Storm Hammers | 1 |  | 
| Swords | 2 |  | 
| Animal War Training | 1 |  | 
| Fragmentation Shards | 1 |  | 
| Gunpowder | 1 |  | 
| Flare | 1 |  | 
                8 total
 » buildings
                
                | Altar of Kings | 2 |  | 
| Farm | 10 |  | 
| Lumber Mill | 1 |  | 
| Scout Tower | 28 |  | 
| Arcane Tower | 1 |  | 
| Arcane Vault | 1 |  | 
| Guard Tower | 8 |  | 
| Town Hall | 2 |  | 
| Keep | 1 |  | 
| Castle | 1 |  | 
| Gryphon Aviary | 4 |  | 
| Blacksmith | 1 |  | 
| Barracks | 1 |  | 
| Workshop | 3 |  | 
                64 total
 » build order
                00:30 Altar of Kings
00:35 Altar of Kings
00:43 Farm
01:01 Lumber Mill
01:20 Farm
01:32 Scout Tower
01:52 Farm
02:03 Arcane Tower
02:23 Farm
02:57 Arcane Vault
03:31 Scout Tower
03:32 Scout Tower
03:36 Scout Tower
03:36 Scout Tower
03:39 Scout Tower
03:39 Scout Tower
04:33 Guard Tower
04:59 Town Hall
05:01 Scout Tower
05:03 Scout Tower
05:05 Scout Tower
05:44 Guard Tower
05:53 Scout Tower
05:53 Scout Tower
07:20 Guard Tower
07:20 Keep
07:28 Scout Tower
07:28 Scout Tower
07:29 Scout Tower
07:29 Scout Tower
07:30 Scout Tower
07:30 Scout Tower
07:32 Scout Tower
07:32 Scout Tower
07:32 Scout Tower
07:33 Scout Tower
07:34 Scout Tower
07:34 Scout Tower
08:04 Guard Tower
08:23 Guard Tower
08:42 Guard Tower
08:45 Guard Tower
08:49 Scout Tower
08:50 Scout Tower
08:52 Scout Tower
08:53 Scout Tower
10:27 Castle
10:36 Gryphon Aviary
10:36 Gryphon Aviary
10:37 Gryphon Aviary
10:38 Gryphon Aviary
10:40 Blacksmith
10:43 Barracks
10:47 Guard Tower
10:48 Farm
10:51 Farm
10:53 Farm
13:20 Farm
13:21 Farm
13:21 Farm
17:27 Workshop
17:28 Workshop
17:31 Workshop
21:55 Town Hall
» items
                
                | Scroll of Regeneration | 7 |  | 
| Lesser Clarity Potion | 9 |  | 
| Boots of Speed | 1 |  | 
| Staff of Teleportation | 1 |  | 
| Potion of Mana | 4 |  | 
| Potion of Healing | 3 |  | 
| Healing Salve | 2 |  | 
| Scroll of Speed | 1 |  | 
| Potion of Invisibility | 1 |  | 
| Potion of Lesser Invulnerability | 1 |  | 
| Orb of Fire | 1 |  | 
| Scroll of Town Portal | 4 |  | 
                35 total
  
                Chat log
          (00:20 / Allies) Ca.do: plan?
(00:43 / All) Ass_killer: s
(10:35 / Allies) Ca.do: out
(12:13 / Allies) BruceWillisUSA: u shoudlt have run
(12:16 / Allies) BruceWillisUSA: hed be dead now
(12:29 / Allies) BruceWillisUSA: WHAT THE FUCK
(12:31 / Allies) BruceWillisUSA: ARE YOUD THA TDUMB
(12:57 / Allies) hiyashi: no
(13:11 / Allies) BruceWillisUSA: losing 6 wyvs to kille 10 arhcers is not a good tradeoff
(13:20 / Allies) Ca.do: 3
(13:26 / Allies) BruceWillisUSA: 3 arhcers*
(15:33 / All) Ass_killer: k gg noob allies
(15:37 / All) BruceWillisUSA: BAWWWW
(15:39 / All) Ass_killer: sorry man
(15:45 / All) BruceWillisUSA: I WANT MY BOTTLE MOMMY
(15:50 / All) Ass_killer: but there so shit its rediculous
(15:53 / All) BruceWillisUSA: BAWWWW BAWWWW
(15:55 / All) BruceWillisUSA: WAHHH WAHHH
(16:00 / All) BruceWillisUSA: MOMMY WHERS MY BOTTLE
(16:53 / Allies) BruceWillisUSA: IM OUT
(17:19 / Allies) BruceWillisUSA: need anti dryad and anti air
(17:21 / Allies) BruceWillisUSA: and i am neither
(17:35 / Allies) BruceWillisUSA: well?
(17:36 / Allies) BruceWillisUSA: thoughts?
(17:44 / Allies) BruceWillisUSA: more wyvs...
(17:47 / Allies) BruceWillisUSA: great...
(17:47 / Allies) BruceWillisUSA: gg
(18:47 / Allies) Ca.do: pink meet
(18:56 / Allies) BruceWillisUSA: we cant win in a head on
(18:58 / Allies) BruceWillisUSA: vs 100000 dryads
(19:16 / Allies) BruceWillisUSA: shamans dont countery dryad
(19:20 / Allies) Ca.do: no exp
(20:13 / Allies) BruceWillisUSA: going morts now
(22:55 / All) hiyashi: gg.
(23:15 / All) Ass_killer: nicve lol noobds
(23:22 / Allies) BruceWillisUSA: bawwwww
(23:23 / All) BruceWillisUSA: bawwwww